[Event "Seniors-LEM-50 Sachsen-Anhalt 2024"]
[Site "Magdeburg"]
[Date "2024.07.05"]
[Round "5.5"]
[White "Klanten, Christoph"]
[Black "Wirp, Hans-Werner"]
[Result "1-0"]
[ECO "C29"]
[WhiteElo "1968"]
[BlackElo "1841"]
[Annotator "NA RC"]
[PlyCount "107"]
[EventDate "2024.06.25"]
[EventType "swiss"]
[EventCountry "GER"]
[SourceTitle "playchess.com"]
[Source "ChessBase"]
[SourceQuality "1"]
[TimeControl "40/5400+30:1800+30"]

1. e4 e5 2. Nc3 Nf6 3. f4 d5 4. fxe5 Nxe4 5. Nf3 Bg4 6. Qe2 Nxc3 7. dxc3 Bxf3 {[%emt 0:00:14] C29: Vienna Game: 2...Nf6 3 f4.} 8. Qxf3 Qh4+ 9. g3 Qe4+ 10. Qxe4 dxe4 11. Bg2 Nd7 12. Bf4 O-O-O 13. O-O-O Be7 14. Bh3 g5 15. Be3 h5 16. Bf5 f6 17. Rd2 ({Don't take} 17. Bxe4 $6 Nxe5 18. Rxd8+ (18. Bxa7 b6 $14) 18... Bxd8 $14) (17. exf6 $18 Bxf6 18. Rhf1 (18. Bxe4 $2 {perishes.} Rhe8 $19) (18. Bxa7 b6 $16)) 17... fxe5 18. Rhd1 Bd6 19. Bxg5 Rdf8 20. Rf1 Rhg8 21. Be3 Kb8 22. Rdf2 Nb6 23. Bxe4 Nd7 24. Rxf8+ Nxf8 25. Bf5 b6 26. Kd2 Kb7 27. Kd3 $18 Kc6 28. a4 a5 29. Kc4 Ng6 30. Be6 Rh8 31. Rf7 Kb7 32. Rg7 Ne7 33. Bg5 Nc8 34. Rg8 Rxg8 35. Bxg8 Ne7 36. Bf7 Nf5 37. Bxh5 e4 38. Bg6 Nxg3 39. hxg3 Bxg3 40. Bxe4+ c6 41. b4 axb4 42. cxb4 Kc7 43. Be3 Bd6 44. b5 c5 45. Kd5 Bf8 46. Bf4+ Kb7 47. Bf5 Bg7 48. Kd6 Bc3 49. Be4+ Ka7 50. Be5 Bd2 51. Kc6 Be3 52. a5 c4 53. axb6+ Bxb6 54. Bb8+ 1-0

[Event "Seniors-LEM-50 Sachsen-Anhalt 2024"]
[Site "Magdeburg"]
[Date "2024.07.05"]
[Round "5.6"]
[White "Ahrens, Gunnar"]
[Black "Frankenberger, Ralf"]
[Result "1/2-1/2"]
[ECO "A03"]
[WhiteElo "1750"]
[BlackElo "1939"]
[Annotator "NA RC"]
[PlyCount "95"]
[EventDate "2024.06.25"]
[EventType "swiss"]
[EventCountry "GER"]
[SourceTitle "playchess.com"]
[Source "ChessBase"]
[SourceQuality "1"]
[TimeControl "40/5400+30:1800+30"]

1. f4 d5 2. Nf3 e6 3. e3 c5 4. b3 Bd6 5. Bb2 Nf6 6. Be2 O-O 7. O-O Nc6 8. Ne5 {[%emt 0:04:13] 8.Ne5 scores better than 8.Qe1.} Qc7 {[%emt 0:00:56] A03: Bird's Opening with 1...d5.} 9. Nxc6 Qxc6 10. a4 $146 ({Predecessor:} 10. Bxf6 gxf6 11. Qe1 f5 12. Qh4 Kh8 13. Qf6+ Kg8 14. Rf3 Re8 15. Qh6 Kh8 16. Rg3 {1-0 Bryakin,M (2467)-Blokhin,S (2009) Titled Tuesday intern op 02nd Apr Early blitz 2024 (6)}) 10... b6 11. Bxf6 gxf6 12. Bb5 Qc7 13. Qh5 Kh8 14. Bd3 f5 15. Nc3 a6 16. Rf3 Rg8 17. Rh3 Rg7 18. Rg3 Rxg3 19. hxg3 f6 {[%emt 0:00:15] [#]} 20. Bxf5 $2 exf5 21. Qe8+ Kg7 22. Nxd5 Qb7 23. c4 Bd7 24. Qh5 Be6 25. Qf3 Bxd5 26. cxd5 b5 $19 27. axb5 axb5 28. Rxa8 Qxa8 29. Qe2 Qa5 30. d3 Qc3 31. e4 b4 32. Kh2 Qxb3 33. e5 fxe5 34. fxe5 Qxd5 35. exd6 Qxd6 36. Qb2+ Kg6 37. Qb3 Kf6 38. Qc4 Ke7 39. Qh4+ Ke6 40. Qh6+ Ke5 41. Qf4+ Ke6 42. Qh6+ Kd5 43. Qc1 Kd4 44. Qc4+ Ke3 45. Qc1+ Kd4 46. Qc4+ Ke5 47. Qf4+ Kd5 48. Qh6 1/2-1/2

[Event "Seniors-LEM-50 Sachsen-Anhalt 2024"]
[Site "Magdeburg"]
[Date "2024.07.05"]
[Round "5.7"]
[White "Weitz, Andreas"]
[Black "Janeke, Thomas"]
[Result "1/2-1/2"]
[ECO "A52"]
[WhiteElo "1936"]
[BlackElo "1764"]
[Annotator "RC"]
[PlyCount "86"]
[EventDate "2024.06.25"]
[EventType "swiss"]
[EventCountry "GER"]
[SourceTitle "playchess.com"]
[Source "ChessBase"]
[SourceQuality "1"]
[TimeControl "40/5400+30:1800+30"]

1. d4 Nf6 2. c4 e5 3. dxe5 Ng4 4. Nf3 Bc5 5. e3 Nc6 6. a3 a5 7. Nc3 O-O 8. Be2 Re8 9. O-O Ngxe5 10. Nxe5 Nxe5 11. Na4 Bf8 12. b3 Ra6 13. f4 Rd6 14. Qc2 Nc6 15. g3 Rde6 16. Bf3 Qf6 17. Bb2 Qh6 18. e4 d6 19. Rad1 Qh3 20. Qg2 Qxg2+ 21. Kxg2 Rh6 22. h4 Rhe6 23. Nc3 R6e7 24. Nd5 Rd7 25. Rfe1 Ne7 26. Ne3 g6 27. f5 Nc6 28. Nd5 Be7 29. f6 Bf8 30. g4 Ne5 31. Be2 c6 32. Ne3 Rdd8 33. Rd2 Bh6 34. g5 Bf8 35. Red1 Nd7 36. Bf3 Nc5 37. b4 axb4 38. axb4 Nxe4 39. Re2 d5 40. cxd5 Bxb4 41. Nc2 Nc3 42. Rxe8+ Rxe8 43. Bxc3 Bxc3 1/2-1/2

[Event "Seniors-LEM-50 Sachsen-Anhalt 2024"]
[Site "Magdeburg"]
[Date "2024.07.05"]
[Round "5.8"]
[White "Richter, Juergen"]
[Black "Dannhauer, Frank"]
[Result "1/2-1/2"]
[ECO "B20"]
[WhiteElo "1841"]
[BlackElo "1921"]
[Annotator "NA RC"]
[PlyCount "117"]
[EventDate "2024.06.25"]
[EventType "swiss"]
[EventCountry "GER"]
[SourceTitle "playchess.com"]
[Source "ChessBase"]
[SourceQuality "1"]
[TimeControl "40/5400+30:1800+30"]

1. e4 c5 2. c4 Nc6 3. d3 Nf6 4. g3 e6 5. Bg2 d5 6. cxd5 {[%emt 0:03:44] B20: Sicilian: Unusual White 2nd moves.} exd5 7. exd5 Nxd5 8. Qe2+ Be6 9. a3 Nd4 10. Qd1 Qa5+ 11. Bd2 Nb4 12. Bxb4 cxb4 13. Kf1 Rc8 14. Nd2 bxa3 15. bxa3 Rc3 ({Don't take} 15... Bxa3 16. Bxb7 Rc3 17. Nc4 $17) 16. Ne4 Rxa3 17. Rxa3 Qxa3 18. Ng5 Bb3 19. Qe1+ Be7 20. Bxb7 h6 (20... O-O $17 21. N5f3 Ne6) 21. Qe4 Qc5 22. N1f3 Nxf3 23. Nxf3 O-O 24. d4 Qc7 25. Kg2 a5 26. Nd2 Bc2 27. Qc6 Qxc6+ 28. Bxc6 Rd8 29. d5 Bb4 30. Rc1 Bd3 31. Rd1 Be2 32. Re1 Bc4 33. Nxc4 Bxe1 34. d6 Bb4 35. d7 $19 Kf8 36. Kf3 Ke7 37. Nb6 Rb8 38. Nc4 Bc3 39. Ke4 Rb4 40. Kd3 Bf6 41. Nxa5 Kd6 42. h4 Bd8 43. Nb7+ Kc7 44. Nxd8 Kxd8 45. Bd5 Rb6 46. Bxf7 Rf6 47. Be8 Rxf2 48. Ke3 Rf6 49. h5 Ke7 50. Ke4 Rf1 51. Ke3 Rd1 52. Ke4 Kf6 53. Kf4 Rd4+ 54. Ke3 Ke5 55. Kf3 Kf5 56. Bg6+ Kg5 57. Be8 Rd6 58. Ke4 Kf6 59. Kf4 1/2-1/2

[Event "Seniors-LEM-50 Sachsen-Anhalt 2024"]
[Site "Magdeburg"]
[Date "2024.07.05"]
[Round "5.9"]
[White "Hencke, Heiko"]
[Black "Anderberg, Peter"]
[Result "1/2-1/2"]
[ECO "A29"]
[WhiteElo "1855"]
[BlackElo "1909"]
[Annotator "NA RC"]
[PlyCount "60"]
[EventDate "2024.06.25"]
[EventType "swiss"]
[EventCountry "GER"]
[SourceTitle "playchess.com"]
[Source "ChessBase"]
[SourceQuality "1"]
[TimeControl "40/5400+30:1800+30"]

1. c4 e5 2. Nc3 Nf6 3. g3 Nc6 4. Bg2 g6 5. Nf3 Bg7 6. O-O O-O 7. d4 exd4 8. Nxd4 Re8 9. Be3 {[%emt 0:08:07] A29: English Opening: Four Knights Variation with 4 g3.} Ng4 10. Nxc6 Nxe3 11. Nxd8 Nxd1 12. Nb5 Rxd8 13. Nxc7 Rb8 (13... Nxf2 $14 14. Nxa8 Ng4) 14. Rfxd1 (14. Raxd1 Bxb2 15. Rd5 Bf6) 14... Bxb2 15. Rab1 Be5 16. Nd5 Kf8 17. f4 (17. c5 $16) 17... Bd6 $1 18. Kf1 Bc5 19. Nf6 Kg7 20. Ne4 Be7 21. Nd6 Bxd6 22. Rxd6 Kf8 23. e4 b6 24. c5 Ba6+ 25. Kf2 Bc4 26. cxb6 Rxb6 27. Rbxb6 $11 axb6 28. Rxb6 Bxa2 29. e5 Rc8 30. Rb2 Be6 1/2-1/2

[Event "Seniors-LEM-50 Sachsen-Anhalt 2024"]
[Site "Magdeburg"]
[Date "2024.07.05"]
[Round "5.10"]
[White "Schiller, Dirk"]
[Black "Buciu, Aurel-John"]
[Result "0-1"]
[ECO "D00"]
[WhiteElo "1885"]
[BlackElo "1807"]
[Annotator "NA RC"]
[PlyCount "48"]
[EventDate "2024.06.25"]
[EventType "swiss"]
[EventCountry "GER"]
[SourceTitle "playchess.com"]
[Source "ChessBase"]
[SourceQuality "1"]
[TimeControl "40/5400+30:1800+30"]

1. d4 d5 2. Bf4 Bf5 3. e3 Nf6 4. Nc3 c6 5. f3 e6 6. g4 {[%emt 0:00:30] D00: 1 d4 d5: Unusual lines.} Bg6 7. Bg2 Bd6 8. Nge2 Qc7 9. Qd2 Nbd7 10. Bxd6 Qxd6 11. h4 h5 12. g5 Ng8 13. Nf4 Ne7 14. O-O-O e5 15. Nxg6 Nxg6 16. dxe5 Ndxe5 17. e4 Nc4 18. Qf2 $2 (18. Qd4 $1 $11) 18... Qb4 19. Rde1 $19 (19. Na4 $142 Qxa4 20. a3) 19... Qxb2+ 20. Kd1 Nf4 21. exd5+ Kd8 22. Ne2 Nxg2 23. Nc1 Nxe1 24. Rxe1 Re8 0-1

[Event "Seniors-LEM-50 Sachsen-Anhalt 2024"]
[Site "Magdeburg"]
[Date "2024.07.05"]
[Round "5.12"]
[White "Langner, Hans-Rainer"]
[Black "Gaertig, Johannes"]
[Result "1/2-1/2"]
[ECO "C01"]
[WhiteElo "1730"]
[BlackElo "1687"]
[Annotator "NA RC"]
[PlyCount "114"]
[EventDate "2024.06.25"]
[EventType "swiss"]
[EventCountry "GER"]
[SourceTitle "playchess.com"]
[Source "ChessBase"]
[SourceQuality "1"]
[TimeControl "40/5400+30:1800+30"]

1. d4 e6 2. e4 a6 3. Nf3 b5 4. c4 c6 5. c5 h6 6. Be2 Nf6 7. Qc2 Be7 8. Nbd2 Bb7 9. e5 Nd5 10. O-O a5 11. Ne4 Na6 12. a3 Nac7 13. Bd2 Ba6 14. Nd6+ Bxd6 15. exd6 b4 16. Bxa6 Nxa6 17. Ne5 O-O 18. f4 f5 19. Rf3 Ra7 20. Rg3 Rf6 21. Qd1 Qe8 22. Nc4 Nb8 23. axb4 a4 24. Rxa4 Rxa4 25. Qxa4 Rf8 26. b5 cxb5 27. Qxb5 Qh5 28. Rf3 Qe8 29. Ne5 Qc8 30. b4 Nc6 31. Qc4 Nxe5 32. dxe5 Qa8 33. Kf2 Rb8 34. b5 Qa1 35. Rb3 Qa2 36. Ke1 Qa1+ 37. Qc1 Qd4 38. Be3 Nxe3 39. Qxe3 Qa1+ 40. Kf2 Qa2+ 41. Kf3 Qa8+ 42. Kg3 g6 43. b6 Qc6 44. h3 Kf7 45. Rc3 h5 46. h4 Ke8 47. Kf2 Ra8 48. Rc2 Ra4 49. Rb2 Re4 50. b7 Rxe3 51. b8=Q+ Kf7 52. Kxe3 Qxc5+ 53. Kf3 Qc3+ 54. Kf2 Qd4+ 55. Kf1 Qxf4+ 56. Rf2 Qc1+ 57. Ke2 Qc4+ 1/2-1/2

[Event "Seniors-LEM-50 Sachsen-Anhalt 2024"]
[Site "Magdeburg"]
[Date "2024.07.05"]
[Round "5.13"]
[White "Scheunemann, Uwe"]
[Black "Leib, Britta"]
[Result "1/2-1/2"]
[ECO "C01"]
[WhiteElo "1764"]
[BlackElo "1920"]
[Annotator "NA RC"]
[PlyCount "47"]
[EventDate "2024.06.25"]
[EventType "swiss"]
[EventCountry "GER"]
[SourceTitle "playchess.com"]
[Source "ChessBase"]
[SourceQuality "1"]
[TimeControl "40/5400+30:1800+30"]

1. e4 e6 2. Nc3 d5 3. exd5 exd5 4. d4 Nf6 5. Nf3 Be7 6. Be2 O-O {[%emt 0:02:37] C01: French: Exchange Variation.} 7. O-O Bg4 8. Ne5 Bxe2 9. Nxe2 Re8 10. Ng3 g6 11. Re1 Nbd7 12. f4 (12. Qf3 $5) 12... c5 13. c3 cxd4 14. cxd4 Rc8 15. Qb3 Nb6 16. Bd2 Nc4 17. Bc3 Qb6 18. Qxb6 Nxb6 19. Rac1 $15 Bd6 20. h3 Nfd7 21. Nd3 Na4 22. Bd2 Kg7 23. b3 Nab6 24. Kf2 1/2-1/2

[Event "Seniors-LEM-50 Sachsen-Anhalt 2024"]
[Site "Magdeburg"]
[Date "2024.07.05"]
[Round "5.14"]
[White "Giesenberg, Angela"]
[Black "Schoknecht, Sabine"]
[Result "0-1"]
[ECO "A00"]
[WhiteElo "1827"]
[BlackElo "1836"]
[Annotator "NA RC"]
[PlyCount "67"]
[EventDate "2024.06.25"]
[EventType "swiss"]
[EventCountry "GER"]
[SourceTitle "playchess.com"]
[Source "ChessBase"]
[SourceQuality "1"]
[TimeControl "40/5400+30:1800+30"]

1. g3 Nc6 2. Bg2 e6 3. d3 Be7 4. e4 d6 5. c3 Nf6 6. Ne2 h6 7. Nd2 Ng4 8. h3 Nf6 9. d4 Nh7 10. f4 g5 11. Nf3 Rg8 12. Qc2 f6 13. Be3 gxf4 14. Bxf4 Ng5 15. O-O-O Bf8 16. h4 Nf7 17. Kb1 Bd7 18. e5 d5 19. exf6 Qxf6 20. Bxc7 Nd6 21. Rhf1 Qg7 22. Rde1 Rc8 23. Bxd6 Bxd6 24. Nfg1 Bxg3 25. Nxg3 Qxg3 26. Bxd5 Kd8 27. Bxe6 Nxd4 28. Qd2 Qg6+ 29. Kc1 Nxe6 30. Nf3 Nc5 31. Ne5 Qh7 32. Rf7 Rg7 33. Qd6 Rxf7 34. Nc6+ 0-1

[Event "Seniors-LEM-50 Sachsen-Anhalt 2024"]
[Site "Magdeburg"]
[Date "2024.07.05"]
[Round "5.15"]
[White "Ehrich, Dieter"]
[Black "Bachmann, Sylvia"]
[Result "1-0"]
[ECO "A38"]
[WhiteElo "1719"]
[BlackElo "1768"]
[Annotator "NA RC"]
[PlyCount "105"]
[EventDate "2024.06.25"]
[EventType "swiss"]
[EventCountry "GER"]
[SourceTitle "playchess.com"]
[Source "ChessBase"]
[SourceQuality "1"]
[TimeControl "40/5400+30:1800+30"]

1. c4 Nf6 2. g3 g6 3. Bg2 Bg7 4. Nf3 O-O 5. Nc3 d6 6. O-O c5 7. d3 Nc6 8. a3 a5 9. Rb1 Nh5 10. h3 f5 11. Ng5 h6 12. Bd5+ Kh8 13. Nf7+ Rxf7 14. Bxf7 Kh7 15. Bd5 e5 16. Bf3 Nf6 17. Nd5 Be6 18. Nxf6+ Bxf6 19. Bg2 Qd7 20. Kh2 g5 21. e3 Rd8 22. b3 Kg6 23. Bb2 h5 24. f4 g4 25. Bd5 Rh8 26. h4 Re8 27. Qc2 exf4 28. exf4 Bxb2 29. Bxc6 Qxc6 30. Qxb2 d5 31. Rbe1 d4 32. Rf2 Kf6 33. Qe2 Qd6 34. Qd2 b6 35. Rfe2 Qc6 36. Re5 Qf3 37. Qg2 Qxg2+ 38. Kxg2 Re7 39. Kf1 Re8 40. R1e2 Re7 41. Ke1 Re8 42. Kd2 Re7 43. b4 cxb4 44. axb4 a4 45. Kc2 a3 46. Kb1 b5 47. Rxe6+ Rxe6 48. Rxe6+ Kxe6 49. cxb5 Kd6 50. Ka2 Kc7 51. Kxa3 Kb7 52. Kb3 Kb6 53. Kc4 1-0

[Event "Seniors-LEM-50 Sachsen-Anhalt 2024"]
[Site "Magdeburg"]
[Date "2024.07.05"]
[Round "5.16"]
[White "Wahrenberg, Ralf"]
[Black "Bertram, Marina"]
[Result "1-0"]
[ECO "D02"]
[WhiteElo "1873"]
[BlackElo "1564"]
[Annotator "NA RC"]
[PlyCount "55"]
[EventDate "2024.06.25"]
[EventType "swiss"]
[EventCountry "GER"]
[SourceTitle "playchess.com"]
[Source "ChessBase"]
[SourceQuality "1"]
[TimeControl "40/5400+30:1800+30"]

1. d4 d5 2. Nf3 Nf6 3. Bf4 e6 4. e3 Nc6 5. c3 a6 6. Nbd2 Be7 7. h3 O-O 8. Bd3 g6 9. Ne5 Ne8 10. Bh6 Ng7 11. Ndf3 Bf6 12. Qc2 Qe8 13. h4 Ne7 14. h5 Nef5 15. hxg6 fxg6 16. g4 Bxe5 17. Nxe5 Ne7 18. O-O-O c6 19. Rh2 b5 20. Rdh1 Rf6 21. Bxg7 Kxg7 22. Rxh7+ Kf8 23. Rh8+ Ng8 24. Nxg6+ Rxg6 25. Bxg6 Qd8 26. R1h7 Qf6 27. g5 Qxg5 28. Rf7+ 1-0

[Event "Seniors-LEM-50 Sachsen-Anhalt 2024"]
[Site "Magdeburg"]
[Date "2024.07.06"]
[Round "6.1"]
[White "Fabig, Holger"]
[Black "Puschendorf, Steffen"]
[Result "1-0"]
[ECO "B25"]
[WhiteElo "1969"]
[BlackElo "2067"]
[Annotator "NA RC"]
[PlyCount "95"]
[EventDate "2024.06.25"]
[EventType "swiss"]
[EventCountry "GER"]
[SourceTitle "playchess.com"]
[Source "ChessBase"]
[SourceQuality "1"]
[TimeControl "40/5400+30:1800+30"]

1. e4 c5 2. Nc3 Nc6 3. g3 g6 4. Bg2 Bg7 5. d3 d6 6. Be3 Rb8 7. Qd2 b5 8. f4 b4 9. Nd1 e6 10. Nf3 Nge7 11. O-O O-O 12. c3 {[%emt 0:11:07] B25: Closed Sicilian: 3 g3, lines without early Be3.} bxc3 13. bxc3 Qa5 14. Rc1 Ba6 15. Re1 Qa3 16. g4 d5 17. e5 Rfd8 18. d4 cxd4 19. Nxd4 Bc4 20. Rc2 Rb7 21. Bf1 Na5 22. Qf2 Qa4 23. f5 exf5 24. gxf5 Nxf5 $2 (24... Bxe5 $11 {and Black is okay.} 25. fxg6 Nxg6) 25. Nxf5 gxf5 {[%emt 0:00:04] [#]} 26. Bd4 $2 (26. Qh4 $1 $18 Re8 27. Rg2) 26... Nc6 27. Bh3 Bd3 28. Rd2 Be4 29. Bxf5 Bxf5 30. Qxf5 Ne7 {[%emt 0:00:43] [#]} 31. Qg4 $16 Ng6 32. e6 fxe6 33. Qxe6+ Kh8 34. Ne3 Qd7 35. Bxg7+ Qxg7 36. Nf5 Qxc3 37. Qe8+ Nf8 38. Qxd8 Qc5+ 39. Rf2 Rf7 40. Ref1 Rxf5 41. Qh4 Ng6 42. Qg3 Qd4 43. Kh1 Rxf2 44. Qxf2 Qe4+ 45. Qf3 Qe6 46. Qf6+ Qxf6 47. Rxf6 Kg7 48. Ra6 1-0

[Event "Seniors-LEM-50 Sachsen-Anhalt 2024"]
[Site "Magdeburg"]
[Date "2024.07.06"]
[Round "6.3"]
[White "Frankenberger, Ralf"]
[Black "Korte, Markus"]
[Result "0-1"]
[ECO "D32"]
[WhiteElo "1939"]
[BlackElo "1895"]
[Annotator "NA RC"]
[PlyCount "46"]
[EventDate "2024.06.25"]
[EventType "swiss"]
[EventCountry "GER"]
[SourceTitle "playchess.com"]
[Source "ChessBase"]
[SourceQuality "1"]
[TimeControl "40/5400+30:1800+30"]

1. d4 d5 2. c4 e6 3. Nc3 c5 4. cxd5 exd5 5. dxc5 d4 6. Ne4 Nc6 7. e3 Bf5 8. Ng3 Bg6 9. Nf3 (9. b4 $1 $14) 9... Bxc5 10. Qb3 d3 11. a3 Bb6 12. e4 Nf6 13. Bxd3 Ba5+ 14. Ke2 Qe7 15. Bg5 O-O $14 (15... h6 $11 16. Bh4 Bh7 17. Bxf6 Qxf6) 16. Rhd1 h6 17. Bh4 Bb6 18. Kf1 Rac8 19. Rac1 Na5 20. Qb5 Qe6 21. Bxf6 Rxc1 22. Rxc1 Qxf6 23. Ne5 Qxf2# 0-1

[Event "Seniors-LEM-50 Sachsen-Anhalt 2024"]
[Site "Magdeburg"]
[Date "2024.07.06"]
[Round "6.4"]
[White "Kottke, Steffen"]
[Black "Richter, Juergen"]
[Result "1-0"]
[ECO "C50"]
[WhiteElo "1933"]
[BlackElo "1841"]
[Annotator "RC"]
[PlyCount "41"]
[EventDate "2024.06.25"]
[EventType "swiss"]
[EventCountry "GER"]
[SourceTitle "playchess.com"]
[Source "ChessBase"]
[SourceQuality "1"]
[TimeControl "40/5400+30:1800+30"]

1. e4 e5 2. Nf3 Nc6 3. Bc4 Nf6 4. Nc3 Be7 5. O-O d6 6. h3 h6 7. d4 O-O 8. a3 a5 9. dxe5 dxe5 10. Qe2 Bc5 11. Rd1 Qe7 12. Be3 Be6 13. Nd5 Bxd5 14. exd5 e4 15. Nh4 Bxe3 16. dxc6 Bg5 17. Ng6 Qc5 18. cxb7 Rab8 19. Nxf8 e3 20. f4 Bxf4 21. Nd7 1-0

[Event "Seniors-LEM-50 Sachsen-Anhalt 2024"]
[Site "Magdeburg"]
[Date "2024.07.06"]
[Round "6.5"]
[White "Buciu, Aurel-John"]
[Black "Dannhauer, Frank"]
[Result "0-1"]
[ECO "D02"]
[WhiteElo "1807"]
[BlackElo "1921"]
[Annotator "NA RC"]
[PlyCount "88"]
[EventDate "2024.06.25"]
[EventType "swiss"]
[EventCountry "GER"]
[SourceTitle "playchess.com"]
[Source "ChessBase"]
[SourceQuality "1"]
[TimeControl "40/5400+30:1800+30"]

1. d4 d5 2. Bf4 Nf6 3. Nf3 e6 4. e3 c5 5. c3 Bd6 6. Bg5 Nbd7 7. Bd3 O-O 8. Nbd2 e5 9. dxe5 Nxe5 10. Nxe5 Bxe5 11. Nf3 Bd6 12. O-O Be7 13. Qc2 h6 14. Bh4 Qc7 15. Bg3 Bd6 16. Bf5 Bxg3 17. hxg3 $15 Be6 18. Rfd1 Rad8 19. Rac1 b5 20. Bd3 a6 21. b3 Bg4 22. c4 dxc4 23. bxc4 b4 24. Qb2 Qb7 25. Be2 Ne4 26. Kf1 Qc8 27. Qe5 Rde8 28. Qa1 Qe6 29. Rd5 f6 30. Ng1 Nxf2 31. Kxf2 Qxe3+ 32. Kf1 Bxe2+ 33. Nxe2 Qxe2+ 34. Kg1 Re5 35. Rcd1 Rfe8 36. Rf1 Qe3+ 37. Kh2 Rxd5 38. cxd5 Re5 39. Qd1 Rg5 40. g4 Qe5+ 41. g3 Qxd5 42. Qe2 Re5 43. Qxa6 c4 44. Qb6 Re2+ 0-1

[Event "Seniors-LEM-50 Sachsen-Anhalt 2024"]
[Site "Magdeburg"]
[Date "2024.07.06"]
[Round "6.6"]
[White "Fabregas, Oliver"]
[Black "Ahrens, Gunnar"]
[Result "1-0"]
[ECO "D07"]
[WhiteElo "1876"]
[BlackElo "1750"]
[Annotator "NA RC"]
[PlyCount "85"]
[EventDate "2024.06.25"]
[EventType "swiss"]
[EventCountry "GER"]
[SourceTitle "playchess.com"]
[Source "ChessBase"]
[SourceQuality "1"]
[TimeControl "40/5400+30:1800+30"]

1. Nf3 Nc6 2. d4 d5 3. c4 Bg4 4. cxd5 Qxd5 5. Nc3 Qd6 6. e3 O-O-O 7. Be2 e5 8. d5 e4 9. Ng5 Bxe2 10. Qxe2 Ne5 11. Ngxe4 Qg6 12. O-O f5 13. Ng3 Bd6 14. e4 fxe4 15. Ncxe4 Nf6 16. Nxd6+ cxd6 17. Be3 Kb8 18. Rfd1 h5 19. h3 h4 20. Nf1 Rhf8 21. f4 Ned7 22. Rac1 Rfe8 23. Qf2 b6 24. Qxh4 Rh8 25. Qg5 Qf7 26. Qf5 Rde8 27. Qd3 Ne4 28. a4 Nec5 29. Bxc5 Nxc5 30. Qf3 Rhf8 31. Rc4 Qd7 32. b3 g5 33. Rdd4 Qh7 34. Qg3 Rf5 35. fxg5 Rxf1+ 36. Kh2 Re5 37. g6 Qg7 38. Rh4 Qe7 39. Rh8+ Kb7 40. Rh7 Ka6 41. Rxe7 Rxe7 42. g7 Ree1 43. Qxe1 1-0

[Event "Seniors-LEM-50 Sachsen-Anhalt 2024"]
[Site "Magdeburg"]
[Date "2024.07.06"]
[Round "6.7"]
[White "Janeke, Thomas"]
[Black "Mitschka, Manfred"]
[Result "0-1"]
[ECO "A85"]
[WhiteElo "1764"]
[BlackElo "1863"]
[Annotator "NA RC"]
[PlyCount "102"]
[EventDate "2024.06.25"]
[EventType "swiss"]
[EventCountry "GER"]
[SourceTitle "playchess.com"]
[Source "ChessBase"]
[SourceQuality "1"]
[TimeControl "40/5400+30:1800+30"]

1. c4 b6 2. Nf3 Bb7 3. e3 e6 4. d4 Bb4+ 5. Nc3 f5 6. Be2 Nf6 7. O-O Bxc3 8. bxc3 O-O 9. Ne5 d6 10. Bf3 Bxf3 11. Qxf3 Nbd7 12. Nd3 Ne4 13. Nf4 Qe7 14. Ne2 g5 15. h3 Nef6 16. Ng3 Kh8 17. Bd2 Rae8 18. Qc6 Nb8 19. Qb7 a5 20. Qf3 Nbd7 21. Qb7 Rc8 22. Qf3 Qf7 23. Qe2 Qg6 24. Qd3 h5 25. f3 h4 26. Ne2 Nh5 27. Kh2 Rg8 28. Rf2 Rce8 29. Re1 Ndf6 30. Rff1 e5 31. e4 fxe4 32. fxe4 Nf4 33. Qc2 Qxe4 34. Qxe4 Nxe4 35. Bxf4 exf4 36. Rc1 Ng3 37. Nxg3 hxg3+ 38. Kg1 Re2 39. Rfe1 Rge8 40. Kf1 Rxe1+ 41. Rxe1 Rxe1+ 42. Kxe1 Kg7 43. Ke2 Kf6 44. Kf3 Kf5 45. a3 c6 46. a4 d5 47. c5 b5 48. axb5 cxb5 49. Ke2 a4 50. Kd3 f3 51. gxf3 g2 0-1

[Event "Seniors-LEM-50 Sachsen-Anhalt 2024"]
[Site "Magdeburg"]
[Date "2024.07.06"]
[Round "6.8"]
[White "Schoknecht, Sabine"]
[Black "Anderberg, Peter"]
[Result "0-1"]
[ECO "A01"]
[WhiteElo "1836"]
[BlackElo "1909"]
[Annotator "NA RC"]
[PlyCount "56"]
[EventDate "2024.06.25"]
[EventType "swiss"]
[EventCountry "GER"]
[SourceTitle "playchess.com"]
[Source "ChessBase"]
[SourceQuality "1"]
[TimeControl "40/5400+30:1800+30"]

1. b3 e5 2. Bb2 Nc6 3. e4 Bc5 4. Nf3 d6 5. Be2 Nf6 6. Nc3 a6 7. d3 O-O 8. h3 Nd4 9. Qd2 Be6 10. g4 Nd7 11. O-O-O c6 12. Rdf1 b5 13. Bd1 a5 14. a3 Nxf3 15. Bxf3 b4 16. axb4 Bxb4 17. Qe3 Nb6 18. Na2 c5 19. Bd1 a4 20. Nxb4 cxb4 21. bxa4 Nxa4 22. f4 f6 23. Rf2 Nxb2 24. Kxb2 Qc7 25. d4 exd4 26. Qxd4 Qc3+ 27. Qxc3 Ra2+ 28. Kc1 bxc3 0-1

[Event "Seniors-LEM-50 Sachsen-Anhalt 2024"]
[Site "Magdeburg"]
[Date "2024.07.06"]
[Round "6.9"]
[White "Gaertig, Johannes"]
[Black "Hencke, Heiko"]
[Result "1/2-1/2"]
[ECO "D02"]
[WhiteElo "1687"]
[BlackElo "1855"]
[Annotator "NA RC"]
[PlyCount "86"]
[EventDate "2024.06.25"]
[EventType "swiss"]
[EventCountry "GER"]
[SourceTitle "playchess.com"]
[Source "ChessBase"]
[SourceQuality "1"]
[TimeControl "40/5400+30:1800+30"]

1. d4 d5 2. Nf3 Nf6 3. Bf4 e6 4. Ne5 Nbd7 5. Nd2 Nxe5 6. Bxe5 Be7 7. e3 O-O 8. Bd3 c5 9. c3 cxd4 10. exd4 b6 11. O-O g6 12. Qf3 Nh5 13. Rfe1 Bd6 14. Re3 Bb7 15. Rae1 Bxe5 16. Rxe5 Qf6 17. Rxh5 Qxf3 18. Nxf3 gxh5 19. Re5 Kg7 20. Rxh5 h6 21. Re5 Rae8 22. Re3 a6 23. Ne5 b5 24. f4 Rg8 25. Rg3+ Kf6 26. Rh3 Rh8 27. g4 Reg8 28. Kf2 Ke7 29. Rg3 f5 30. h3 Bc8 31. Be2 Rh7 32. a3 fxg4 33. hxg4 Kd6 34. Rh3 Rf8 35. Ke3 Rf6 36. g5 Rf8 37. g6 Rg7 38. Rxh6 Bd7 39. Bd3 Be8 40. b4 Rfg8 41. f5 exf5 42. Bxf5 Rf8 43. Kf4 Rfg8 1/2-1/2

[Event "Seniors-LEM-50 Sachsen-Anhalt 2024"]
[Site "Magdeburg"]
[Date "2024.07.06"]
[Round "6.10"]
[White "Wirp, Hans-Werner"]
[Black "Ehrich, Dieter"]
[Result "0-1"]
[ECO "B21"]
[WhiteElo "1841"]
[BlackElo "1719"]
[Annotator "NA RC"]
[PlyCount "44"]
[EventDate "2024.06.25"]
[EventType "swiss"]
[EventCountry "GER"]
[SourceTitle "playchess.com"]
[Source "ChessBase"]
[SourceQuality "1"]
[TimeControl "40/5400+30:1800+30"]

1. d4 c5 2. e4 cxd4 3. c3 d5 4. e5 dxc3 5. Nxc3 e6 6. Nf3 Nc6 7. Bb5 Bd7 8. O-O Nge7 9. Bg5 h6 10. Be3 Ng6 11. Bd4 Be7 12. Qe2 Nxd4 13. Bxd7+ Qxd7 14. Nxd4 a6 15. Kh1 Rc8 16. f4 O-O 17. Qg4 Nh4 18. g3 Nf5 19. Nxf5 exf5 20. Qd1 d4 21. Kg1 Bc5 22. Qd3 dxc3+ 0-1